 Dungeon Crawl Stone Soup version 0.25.1-2-g60ff931df9 (webtiles) character file.

Game seed: 1584082509749252622

26098 Allula97 the Covert (level 13, -1/83 HPs)
             Began as a Kobold Hunter on Nov 11, 2020.
             Was a Follower of Uskayaw.
             Slain by an eight-headed hydra (3 damage)
             ... on level 2 of the Lair of Beasts on Nov 12, 2020.
             The game lasted 01:34:57 (16077 turns).

Allula97 the Covert (Kobold Hunter)                Turns: 16077, Time: 01:34:59

Health: -1/83      AC: 15    Str: 13    XL:     13   Next: 55%
Magic:  17/19      EV: 21    Int: 14    God:    Uskayaw [*.....]
Gold:   1006       SH:  5    Dex: 17    Spells: 11/19 levels left

rFire    x . .     SeeInvis .   r - +3 dagger (freeze)
rCold    + . .     Gourm    .   (shield restricted)
rNeg     . . .     Faith    .   V - +2 robe {Archmagi}
rPois    .         Spirit   .   D - +2 helmet
rElec    .         Reflect  +   t - +2 cloak {Stlth+}
rCorr    .         Harm     .   N - +1 pair of gloves
MR       .....                  (no boots)
Stlth    +++++.....             b - amulet of reflection
HPRegen  0.23/turn              c - ring of ice
MPRegen  0.16/turn              (no ring)

@: no status effects
A: small, icy blue scales 1, carnivore, clever 1, MP-powered wands
a: Stomp, Renounce Religion


You were on level 2 of the Lair of Beasts.
You worshipped Uskayaw.
Uskayaw was aware of your devotion.
You were very full.

You visited 3 branches of the dungeon, and saw 14 of its levels.
You also visited: Ice Cave.

You collected 1006 gold pieces.

Inventory:

Hand Weapons
 a - a +1 hand crossbow of flaming
 e - a +0 arbalest
 g - a +1 short sword of electrocution
 i - the +8 trident of Bithrung {flame, *Corrode rC++ Stlth+}
   (You took it off a spriggan on level 10 of the Dungeon)

   It has been specially enchanted to burn those struck by it, causing extra
   injury to most foes and up to half again as much damage against particularly
   susceptible opponents.
   It greatly protects you from cold.
   It may corrode you when you take damage.
   It makes you more stealthy.
 p - the +7 mace "Jikhesk" {speed, Str-5 Dex+7}
   (You found it on level 4 of the Dungeon)

   Attacks with this weapon are significantly faster.
   It affects your strength (-5).
   It affects your dexterity (+7).
 r - a +3 dagger of freezing (weapon)
 C - a +2 dagger of venom
 M - a +3 long sword
 Q - a +1 great sword of draining
 U - a +2 scimitar of flaming
Missiles
 d - 161 bolts
 y - 6 curare-tipped darts
 O - 32 poisoned darts (quivered)
Armour
 j - a +3 leather armour of magic resistance
 t - a +2 cloak of stealth (worn)
 A - a +2 kite shield
 D - a +2 helmet (worn)
 N - a +1 pair of gloves (worn)
 R - a +2 ring mail of fire resistance
 V - a +2 robe of the Archmagi (worn)
Magical Staves
 u - an uncursed staff of cold
Jewellery
 b - an amulet of reflection (around neck)
 c - a ring of ice (left hand)
Wands
 h - a wand of random effects (32)
 k - a wand of digging (1)
 o - a wand of flame (26)
 q - a wand of paralysis (20)
 x - a wand of enslavement (11)
 E - a wand of iceblast (46)
Scrolls
 m - 5 scrolls of teleportation
 v - 2 scrolls of fear
 w - 7 scrolls of remove curse
 B - a scroll of fog
 H - 2 scrolls of blinking
 I - a scroll of amnesia
 S - a scroll of enchant armour
Potions
 l - 4 potions of might
 n - 3 potions of lignification
 s - 5 potions of flight
 G - 2 potions of curing
 T - a potion of brilliance
Comestibles
 f - 31 rations
 z - 3 chunks of flesh


   Skills:
 * Level 10.7 Fighting
 + Level 11.1 Short Blades
 + Level 10.7 Crossbows
 + Level 5.3 Armour
 + Level 9.0 Dodging
 + Level 12.1 Stealth
 + Level 3.6 Spellcasting
 + Level 3.8 Hexes
 * Level 8.4 Invocations


You had 11 spell levels left.
You knew the following spells:

 Your Spells              Type           Power        Failure   Level  Hunger
a - Ensorcelled Hibernat  Hex/Ice        ###...       14%         2    ##.....
b - Confusing Touch       Hex            ###.....     12%         3    ###....
c - Tukima's Dance        Hex            ###.....     12%         3    ###....

Your spell library contained the following spells:

 Spells                   Type           Power        Failure   Level  Hunger
 Corona                   Hex            ###....      4%          1    None
 Freeze                   Ice            #...         21%         1    None
 Magic Dart               Conj           #...         21%         1    None
 Shock                    Conj/Air       #...         21%         1    None
 Dazzling Flash           Conj/Hex       ##....       26%         3    ###....
 Searing Ray              Conj           #.....       30%         2    ##.....
 Swiftness                Chrm/Air       #.......     30%         2    ##.....
 Frozen Ramparts          Ice            #.....       52%         3    ###....
 Gell's Gravitas          Tloc           #.........   52%         3    ###....
 Ozocubu's Armour         Chrm/Ice       #.......     52%         3    ###....
 Static Discharge         Conj/Air       #.......     52%         3    ###....
 Fulminant Prism          Conj/Hex       ##........   65%         4    ####...
 Airstrike                Air            #.........   89%         4    ####...
 Hailstorm                Conj/Ice       #.......     89%         4    ####...
 Iskenderun's Mystic Bla  Conj/Tloc      #.......     89%         4    ####...
 Petrify                  Tmut/Erth      #.......     89%         4    ####...
 Summon Ice Beast         Ice/Summ       #.......     89%         4    ####...
 Metabolic Englaciation   Hex/Ice        ###.......   94%         5    ######.
 Yara's Violent Unravell  Hex/Tmut       ##........   94%         5    ######.
 Lightning Bolt           Conj/Air       #.........   99%         5    ######.


Dungeon Overview and Level Annotations

Branches:
Dungeon (11/15)            Temple (1/1) D:5            Lair (2/6) D:10
    Orc (0/2) D:11          IceCv (visited)
  Swamp: Lair:2-4    Shoals: Lair:2-4     Snake: Lair:2-4    Spider: Lair:2-4

Altars:
Ashenzari
Cheibriados
Dithmenos
Elyvilon
Fedhas
Gozag
Hepliaklqana
Kikubaaqudgha
Makhleb
Nemelex Xobeh
Okawaru
Qazlal
Ru
Sif Muna
Trog
Uskayaw
Vehumet
Wu Jian
Xom
Yredelemnul
Zin
The Shining One

Annotations:
Lair:2 1 runed translucent door, Skippwaahh's ghost, journeyman TeAE


Innate Abilities, Weirdness & Mutations

You are small and have problems with some larger weapons.
You are carnivorous and can eat meat at any time.
You are partially covered in icy blue scales. (AC +2)
Your mind is acute. (Int +2)
You expend magic power (3 MP) to strengthen your wands.


Message History

The eight-headed hydra closely misses you.
The eight-headed hydra bites you but does no damage.
The eight-headed hydra barely misses you.
Things that are here:
a +0 troll leather armour; a +1 hat; an uncursed amulet of regeneration You see here a flail.
Things that are here:
+0 steam dragon scales; a scimitar The eight-headed hydra is no longer moving slowly.
You hit the plant but do no damage. You hit the plant but do no damage.
You hit the plant but do no damage.
The eight-headed hydra completely misses you.
You block the eight-headed hydra's attack.
The eight-headed hydra bites you!
* * * LOW HITPOINT WARNING * * *
The eight-headed hydra misses you.
The eight-headed hydra bites you but does no damage.
The eight-headed hydra misses you. x2; The eight-headed hydra bites you.
You die...

############################
...........................#
................P......[).#
.........##.###P..#.####P.#
(...........###P...## ##.##
.....>.##....###.D.# #[P#
......###....# #@..# #.##
......# #...## #...# ##..#
......# ##..# #>.## #..P#
......# #..## #..# #.รท.#
......#####..###..# ###.##
......##..##P.##..# #.#.#
......##......##..# #..##
......###....###..# #...#
......##########..## #..##


You could see an eight-headed hydra.

Vanquished Creatures
  A hydra (Lair:2)
  Erica (Lair:2)
  The ghost of Erymatos the Cleaver, a novice MiBe of Trog (D:10)
  3 two-headed ogres
  Nergalle (D:10)
  An unseen horror (D:11)
  An ugly thing (D:10)
  A necromancer (IceCv)
  Joseph (D:10)
  Maurice (D:9)
  An ice statue (IceCv)
  A black mamba (Lair:2)
  5 spiny frogs
  Maggie (D:10)
  2 centaur skeletons
  A komodo dragon (Lair:2)
  10 freezing wraiths (IceCv)
  A queen bee (Lair:1)
  A troll (D:8)
  A polar bear (D:10)
  3 hippogriffs
  4 blink frogs (Lair:2)
  3 spriggans (D:10)
  3 wyverns
  3 yaks (D:10)
  A basilisk (Lair:1)
  Eustachio (D:4)
  A hungry ghost (D:11)
  A death yak simulacrum (IceCv)
  7 water moccasins
  Duvessa (D:5)
  3 porcupines
  4 black bears
  7 orc warriors
  2 swamp drakes
  19 ice beasts
  A necrophage (D:7)
  A sky beast (D:9)
  2 phantoms
  8 ogres
  3 centaurs
  5 crocodiles
  Blork the orc (D:5)
  4 big kobolds
  6 bullfrogs
  A gnoll sergeant (D:11)
  Dowan (D:5)
  3 scorpions
  34 killer bees
  5 wights (D:10)
  2 howler monkeys
  7 crimson imps
  2 bullfrog zombies (D:5)
  A quasit (D:9)
  3 draconian simulacra (IceCv)
  2 jellies
  6 hounds
  8 orc priests
  Crazy Yiuf (D:4)
  10 orc wizards
  Ijyb (D:4)
  Terence (D:2)
  2 iguanas
  7 worker ants
  4 troll simulacra (IceCv)
  A polar bear simulacrum (IceCv)
  A spriggan simulacrum (IceCv)
  2 wolf simulacra (IceCv)
  4 centaur simulacra (IceCv)
  A howler monkey zombie (D:7)
  8 gnolls
  3 naga simulacra (IceCv)
  5 ogre simulacra (IceCv)
  10 adders
  12 white imps (IceCv)
  An ooze (D:1)
  2 adder zombies
  An adder skeleton (D:8)
  3 worms
  4 dart slugs
  3 leopard geckos
  38 orcs
  3 bats
  5 giant cockroaches
  7 goblins
  6 hobgoblins
  9 jackals
  17 kobolds
  4 quokkas
  A ball python (D:6)
  4 frilled lizards
  A leopard gecko skeleton (D:7)
  A quokka zombie (D:5)
  6 rats
  A spectral orc (D:2)
395 creatures vanquished.

Vanquished Creatures (others)
  A fungus (D:10)
  9 plants
10 creatures vanquished.

Grand Total: 405 creatures vanquished

Notes
Turn   | Place    | Note
-------+----------+-------------------------------------------
     0 | D:1      | Allula97 the Kobold Hunter began the quest for the Orb.
     0 | D:1      | Reached XP level 1. HP: 12/12 MP: 1/1
   112 | D:1      | You fall into a shaft and drop 1 floor!
   142 | D:2      | Reached XP level 2. HP: 18/18 MP: 2/2
   152 | D:2      | Noticed Terence
   190 | D:2      | Killed Terence
   190 | D:2      | Reached skill level 1 in Short Blades
   190 | D:2      | Reached skill level 5 in Crossbows
   190 | D:2      | Reached skill level 2 in Stealth
   190 | D:2      | Reached XP level 3. HP: 4/22 MP: 3/3
   607 | D:1      | Reached XP level 4. HP: 25/27 MP: 4/4
  1074 | D:1      | You fall into a shaft and drop 1 floor!
  1369 | D:3      | Reached XP level 5. HP: 23/32 MP: 5/5
  1402 | D:3      | Reached skill level 3 in Stealth
  1797 | D:2      | Found a basalt altar of Yredelemnul.
  2239 | D:4      | Reached skill level 1 in Armour
  2239 | D:4      | Reached XP level 6. HP: 30/37 MP: 6/6
  2533 | D:4      | Found a shattered altar of Ashenzari.
  2583 | D:4      | Noticed Eustachio
  3335 | D:4      | Killed Eustachio
  3335 | D:4      | Reached skill level 4 in Stealth
  3335 | D:4      | Reached XP level 7. HP: 7/43 MP: 7/7
  3667 | D:4      | Found a blossoming altar of Fedhas.
  3728 | D:4      | Noticed Ijyb
  3742 | D:4      | Killed Ijyb
  4011 | D:4      | Got a dazzling mace
  4012 | D:4      | Identified the +7 mace "Jikhesk" {speed, Str-5 Dex+7} (You
                  | found it on level 4 of the Dungeon)
  4014 | D:4      | Found a runed translucent door.
  4015 | D:4      | Noticed Crazy Yiuf
  4025 | D:4      | Killed Crazy Yiuf
  4031 | D:4      | Got an ivory mace
  4126 | D:5      | Entered Level 5 of the Dungeon
  4128 | D:5      | Noticed Dowan
  4133 | D:5      | Noticed Duvessa
  4151 | D:5      | Killed Duvessa
  4159 | D:5      | Killed Dowan
  4168 | D:5      | Gained mutation: You do not regenerate when monsters are
                  | visible. [potion of mutation]
  4168 | D:5      | Gained mutation: Your mind is acute. (Int +2) [potion of
                  | mutation]
  4168 | D:5      | Gained mutation: You are partially covered in icy blue
                  | scales. (AC +2) [potion of mutation]
  4367 | D:5      | Reached skill level 5 in Stealth
  4429 | D:5      | Reached XP level 8. HP: 35/48 MP: 8/8
  4464 | D:5      | Found a glowing golden altar of the Shining One.
  4522 | D:5      | Noticed Blork the orc
  4535 | D:5      | Killed Blork the orc
  4559 | D:5      | Found an ornate altar of the Wu Jian Council.
  4617 | D:5      | Identified the +1 mace of Amorality {vamp, +Inv MR+ Str+8}
                  | (You found it on level 4 of the Dungeon)
  4648 | D:5      | Reached skill level 5 in Dodging
  4884 | D:5      | Found a staircase to the Ecumenical Temple.
  4901 | D:5      | Reached skill level 5 in Fighting
  4906 | Temple   | Entered the Ecumenical Temple
  4919 | Temple   | Became a worshipper of Uskayaw the Reveler
  5387 | D:6      | Reached * piety under Uskayaw
  5418 | D:6      | Reached skill level 5 in Short Blades
  5418 | D:6      | Reached ** piety under Uskayaw
  5482 | D:6      | Reached skill level 6 in Stealth
  5552 | D:6      | Reached *** piety under Uskayaw
  5554 | D:6      | Reached **** piety under Uskayaw
  5600 | D:6      | Lost mutation: You are partially covered in icy blue
                  | scales. (AC +2) [potion of mutation]
  5600 | D:6      | Lost mutation: You do not regenerate when monsters are
                  | visible. [potion of mutation]
  5600 | D:6      | Gained mutation: You expend magic power (3 MP) to
                  | strengthen your wands. [potion of mutation]
  5600 | D:6      | Gained mutation: You are partially covered in icy blue
                  | scales. (AC +2) [potion of mutation]
  5833 | D:6      | Found a stormy altar of Qazlal.
  5857 | D:6      | Reached XP level 9. HP: 54/54 MP: 9/9
  5908 | D:6      | Reached skill level 1 in Invocations
  6267 | D:6      | Reached skill level 7 in Stealth
  6877 | D:7      | Found a hazy altar of Hepliaklqana.
  6992 | D:8      | Reached skill level 8 in Stealth
  6992 | D:8      | Reached ***** piety under Uskayaw
  7007 | D:8      | Reached XP level 10. HP: 13/61 MP: 4/11
  7644 | D:8      | Noticed a two-headed ogre
  7653 | D:8      | Killed a two-headed ogre
  7854 | D:8      | Reached skill level 9 in Stealth
  7995 | D:9      | Noticed Maurice
  8041 | D:9      | Killed Maurice
  8838 | D:9      | Noticed a two-headed ogre
  8871 | D:9      | Killed a two-headed ogre
  8871 | D:9      | Reached XP level 11. HP: 51/68 MP: 12/14
  9091 | D:10     | Entered Level 10 of the Dungeon
  9192 | D:10     | Noticed a two-headed ogre
  9198 | D:10     | Killed a two-headed ogre
  9198 | D:10     | Reached skill level 10 in Stealth
  9531 | D:10     | Noticed Joseph
  9533 | D:10     | Killed Joseph
  9622 | D:10     | Reached skill level 5 in Invocations
 10007 | D:10     | Noticed a white ugly thing
 10026 | D:10     | Killed a white ugly thing
 10073 | D:10     | Noticed Maggie
 10079 | D:10     | Found a staircase to the Lair.
 10102 | D:10     | Killed Maggie
 10595 | D:10     | Noticed Nergalle
 10600 | D:10     | Killed Nergalle
 10660 | D:10     | Learned a level 2 spell: Ensorcelled Hibernation
 10664 | D:10     | Learned a level 3 spell: Confusing Touch
 10668 | D:10     | Learned a level 3 spell: Tukima's Dance
 10673 | D:10     | Found a runed translucent door.
 10677 | D:10     | Noticed Erymatos's ghost (novice MiBe)
 10678 | D:10     | Identified the +8 trident of Bithrung {flame, *Corrode rC++
                  | Stlth+}
 10690 | D:10     | Reached skill level 11 in Stealth
 10690 | D:10     | Reached XP level 12. HP: 35/76 MP: 9/16
 10703 | D:10     | Reached skill level 10 in Short Blades
 10721 | D:10     | Killed Erymatos's ghost
 10721 | D:10     | Reached skill level 1 in Spellcasting
 10721 | D:10     | Reached skill level 1 in Hexes
 11273 | D:11     | Found a frozen archway.
 11326 | D:11     | Reached skill level 10 in Crossbows
 11392 | IceCv    | Entered an ice cave
 11451 | IceCv    | Reached ****** piety under Uskayaw
 12071 | IceCv    | Found an ancient bone altar of Kikubaaqudgha.
 12481 | IceCv    | Reached skill level 10 in Fighting
 12687 | D:11     | Killed an unseen horror
 12912 | D:11     | Reached skill level 5 in Armour
 13191 | D:11     | Reached XP level 13. HP: 36/82 MP: 14/18
 13221 | D:11     | Found a staircase to the Orcish Mines.
 13825 | Lair:1   | Entered Level 1 of the Lair of Beasts
 14871 | Lair:2   | Noticed a seven-headed hydra
 15087 | Lair:2   | Killed a seven-headed hydra
 15124 | Lair:2   | Reached skill level 12 in Stealth
 15558 | Lair:2   | Noticed Erica
 15559 | Lair:2   | Found a runed translucent door.
 15562 | Lair:2   | Killed Erica
 15563 | Lair:2   | Noticed Skippwaahh's ghost (journeyman TeAE)
 16037 | Lair:2   | Noticed an eight-headed hydra
 16077 | Lair:2   | HP: 2/83 [eight-headed hydra (11)]
 16077 | Lair:2   | Slain by an eight-headed hydra

Illustrated notes

Levels and vault maps discovered:
D:1:      roderic_crossed_star, layout_loops_ring
D:2:      layout_basic, yredelemnul_forgotten_temple_becter,
          minmay_worlds_worst_comb, uniq_terence
D:3:      layout_rooms
D:4:      layout_loops_ring, nicolae_overflow_crystal_walls,
          lemuel_doored_altar, first_ration, uniq_eustachio, uniq_ijyb,
          uniq_crazy_yiuf_cottage
D:5:      layout_basic, lemuel_round_altar, tso_metal_star,
          minmay_temple_entry_hall, uniq_duvessa, uniq_blork_the_orc
D:6:      layout_basic, grunt_qazlal_sundering, solitary_fountain,
          grunt_ministairs_10, minmay_misc_feat_x, minmay_small_thing
D:7:      layout_cave_pools, old_standard_altar, nemelex_dance_club_becter
D:8:      layout_gridville
D:9:      layout_basic, uniq_maurice
D:10:     layout_loops_ring, erik_lair_dragon, ebering_ghost_funeral_grove,
          blue_anna_alchemist [blue_anna_fruit_fields, blue_anna_fruit_fields],
          uniq_joseph, uniq_maggie, uniq_nergalle
D:11:     layout_long_grid, david_orc_4, portal_ice_cave_entry_ice_beasts,
          minivault_27, roderic_roman_lattice, chequers_hall_statues_wall_a
Temple:   minmay_freezing_vapour_temple
Lair:1:   layout_loops_ring, special_room [special_room_bee]
Lair:2:   layout_long_grid, ebering_ghost_funeral_grove, hibernation_bobbens,
          uniq_erica

Skill      XL: |  1  2  3  4  5  6  7  8  9 10 11 12 13 |
---------------+----------------------------------------+-----
Short Blades   | 1 2 3 4 5 7 8 9 10 11 | 11.1
Crossbows      | 5 6 7 8 9 10 | 10.7
Stealth        | 2 3 4 5 6 8 9 11 12 | 12.1
Fighting       | 3 4 5 6 7 9 10 | 10.7
Dodging        | 3 4 5 6 7 8 9 |  9.0
Armour         | 1 2 3 4 5 |  5.3
Invocations    | 2 4 5 7 8 |  8.4
Spellcasting   | 2 3 |  3.6
Hexes          | 2 3 |  3.8

Action                   |  1- 3 |  4- 6 |  7- 9 | 10-12 | 13-15 || total
-------------------------+-------+-------+-------+-------+-------++-------
Melee: Short sword       |    28 |   109 |    25 |   313 |     1 ||   476
       Mace              |       |       |   151 |     3 |       ||   154
       Dagger            |       |       |   108 |   575 |   299 ||   982
       Trident           |       |       |       |    13 |       ||    13
 Fire: Hand crossbow     |    32 |   125 |   112 |    88 |       ||   357
       Arbalest          |       |       |       |       |     8 ||     8
Throw: Stone             |       |     1 |       |     3 |       ||     4
 Cast: Ensorcelled Hiber |       |       |       |       |     2 ||     2
       Confusing Touch   |       |       |       |       |     1 ||     1
Invok: Stomp             |       |       |     3 |    16 |       ||    19
       Line Pass         |       |       |     1 |     1 |       ||     2
       Grand Finale      |       |       |       |     1 |     1 ||     2
Evoke: Wand              |       |       |       |       |     4 ||     4
  Use: Scroll            |       |     8 |     8 |     5 |     7 ||    28
       Potion            |       |     4 |     4 |     9 |     2 ||    19
 Stab: Sleeping          |       |     1 |    16 |    27 |     9 ||    53
       Paralysed         |       |       |     3 |    35 |    14 ||    52
       Distracted        |       |       |     1 |     1 |     1 ||     3
       Confused          |       |       |       |       |     1 ||     1
  Eat: Chunk             |     5 |     9 |    14 |    18 |    18 ||    64
Armor: Leather armour    |     9 |    48 |    56 |   164 |    37 ||   314
       Robe              |       |       |       |       |     4 ||     4
Dodge: Dodged            |    39 |   153 |   148 |   540 |   166 ||  1046
Block: Other             |       |    49 |    16 |   128 |    50 ||   243
       Kite shield       |       |       |   163 |   123 |       ||   286
       Reflection        |       |       |     1 |     7 |       ||     8
